 Dungeon Crawl Stone Soup version 0.30-a0-972-gf3ab3527aa (webtiles) character file.

Game seed: 6519785386786577575

1978 vishdafish the Destroyer (level 9, 57/57 HPs)
             Began as a Demonspawn Conjurer on Mar 31, 2023.
             Quit the game on level 7 of the Dungeon.
             The game lasted 00:10:03 (7603 turns).

vishdafish the Destroyer (Demonspawn Conjurer)      Turns: 7603, Time: 00:10:04

Health: 57/57      AC:  3    Str: 14    XL:     9   Next: 1%
Magic:  15/19      EV: 12    Int: 23    God:
Gold:   488        SH:  0    Dex: 12    Spells: 20/21 levels left

rFire   + . .      SeeInvis .    k - +2 short sword (venom)
rCold   + . .      Faith    .    (no shield)
rNeg    . . .      Spirit   .    a - +0 robe
rPois   +          Reflect  .    (no helmet)
rElec   .          Rampage  .    H - scarf {rC+ rF+}
rCorr   .                        t - +0 pair of gloves
Will    +....                    (no boots)
Stlth   ++                       (no amulet)
HPRegen 0.29/turn                o - +6 ring of strength
MPRegen 0.16/turn                (no ring)

@: no status effects
A: hooves 2, sanguine armour 2, strong-willed 1, poison resistance
a: no special abilities


You were on level 7 of the Dungeon.
You visited 1 branch of the dungeon, and saw 7 of its levels.
You also visited: Ossuary.

You collected 488 gold pieces.

Inventory:

Hand Weapons
 k - a +2 short sword of venom (weapon)
Missiles
 j - a throwing net
Armour
 a - a +0 robe (worn)
 l - a +0 cloak
 t - a +0 pair of gloves (worn)
 H - a scarf of resistance (worn)
Jewellery
 o - a +6 ring of strength (left hand)
Wands
 e - a wand of polymorph (6)
 m - a wand of mindburst (7)
 D - a wand of iceblast (13)
Scrolls
 c - a scroll of fear
 f - 3 scrolls of immolation
 g - a scroll of noise {unknown}
 h - a scroll of magic mapping
 i - a scroll of torment {unknown}
 s - 5 scrolls of identify {unknown}
 v - 3 scrolls of blinking {unknown}
 y - 2 scrolls of enchant weapon {unknown}
 A - a scroll of poison {unknown}
 C - 3 scrolls of teleportation {unknown}
 F - a scroll of enchant armour {unknown}
Potions
 b - 2 potions of magic
 d - 2 potions of haste
 n - 2 potions of heal wounds {unknown}
 p - a potion of degeneration {unknown}
 q - a potion of cancellation {unknown}
 r - a potion of resistance {unknown}
 u - a potion of berserk rage {unknown}
 w - a potion of might {unknown}
 x - a potion of curing {unknown}
 z - 2 potions of attraction {unknown}
 B - a potion of lignification {unknown}
 E - a potion of ambrosia {unknown}
 G - 2 potions of flight {unknown}


   Skills:
 - Level 1.7 Dodging
 - Level 1.7 Stealth
 - Level 6.7 Spellcasting
 - Level 8.1 Conjurations
 + Level 6.1 Evocations


You had 20 spell levels left.
You knew the following spells:

 Your Spells              Type           Power      Damage    Failure   Level
a - Magic Dart            Conj           100%       1d8       1%          1

Your spell library contained the following spells:

 Spells                   Type           Power      Damage    Failure   Level
 Searing Ray              Conj           90%        2d7       1%          2
 Dazzling Flash           Conj/Hex       52%        N/A       4%          3
 Fulminant Prism          Conj/Hex       13%        3d8       14%         4
 Iskenderun's Mystic Bla  Conj/Tloc      26%        2d7       14%         4


Dungeon Overview and Level Annotations

Branches:
Dungeon (7/15)             Temple (0/1) D:6         Ossuary (visited)

Altars:
Gozag
Nemelex Xobeh
Okawaru
Ru
Sif Muna
Uskayaw

Shops:
D:3 :

Annotations:
D:3 3 runed translucent doors, zorkdork's ghost, amateur GnTm
D:4 Edmund
D:5 2 transporters, Sermion's ghost, amateur HOFi
D:6 2 transporters, Winter's ghost, novice MiFi
D:7 1 runed translucent door


Innate Abilities, Weirdness & Mutations

You have hoof-like feet.
When seriously injured, your blood forms thick armour. (AC +0)
You are strong-willed. (Will+)
Your system is resistant to poisons. (rPois)


Message History

The centaur shoots an arrow.
The arrow hits you but does no damage.
The centaur shoots an arrow.
The arrow closely misses you.
The magic dart hits the centaur.
The centaur is heavily wounded.
The centaur shoots an arrow.
The arrow hits you.
You are too injured to fight recklessly!
You are too injured to fight recklessly!
You are too injured to fight recklessly!
Aiming: Iceblast
Press: ? - help, Shift-Dir - straight line, f/p - centaur
Aim: a centaur, wielding a +0 shortbow (heavily wounded)
The mass of ice explodes!
The iceblast engulfs the centaur!!
You kill the centaur!
Your Evocations skill increases to level 6!
You have reached level 9!
Your experience leads to an increase in your attributes!
Your base attributes are Str 8, Int 21, Dex 12.
Increase (S)trength, (I)ntelligence, or (D)exterity?
You feel clever. x2; Your demonic ancestry asserts itself...
Your feet thicken and deform.
Your blood armour dries and flakes away.
HP restored.
Things that are here:
a +0 shortbow; a centaur corpse
s - 5 scrolls labelled BAVINI DUCIDE (gained 1)
An orc comes into view. It is wielding a +0 flail.
The orc shouts!
An orc is nearby!
An orc is nearby!
An orc is nearby!
The magic dart hits the orc!
The orc is almost dead.
An orc comes into view. It is wielding a +0 dagger.
The magic dart hits the orc.
You kill the orc!
The orc shouts!
The magic dart hits the orc but does no damage.
The magic dart hits the orc but does no damage.
You can't see any susceptible monsters within range! (Use Z to cast anyway.) Are you sure you want to abandon this character and quit the game? (Confirm with "yes".)

...#+#.....#.# .#
...#p#.....#.# ..#
...###.......# #)#
..........# ...
.......<..#.# #.#
###.#.#.....# #.#
#.#...#####
#.###.#######.#........
#.....@.......#........
#######.#######.##.#.....
.....................>...
#######.##########.#...#.
........#..............#.
######..#.########.....#.
#..#)# ###......#. #..#.#
....#...#. ...#.#
##..#...#.


There were no monsters in sight!

Vanquished Creatures
  Sigmund (D:5)
  An orc warrior (D:6)
  A sky beast (D:6)
  A black bear (D:5)
  3 ogres
  An ice beast (D:6)
  4 centaurs
  A bullfrog (D:6)
  A scorpion (D:4)
  An orc priest (D:6)
  3 hounds
  A jelly (D:5)
  2 iguanas (D:6)
  A sleepcap (D:5)
  Jessica (D:2)
  Ijyb (D:3)
  6 orc wizards
  Natasha (thrice) (D:3)
  8 mummies (Ossuary)
  5 adders
  A white imp (D:6)
  An ufetubus (D:6)
  2 worms (D:2)
  2 dart slugs
  21 orcs
  10 endoplasms
  A gnoll zombie (Ossuary)
  4 goblins
  4 hobgoblins
  3 jackals (D:5)
  5 kobolds
  A quokka (D:4)
  4 ball pythons
  2 bats
  A frilled lizard (D:2)
  A goblin skeleton (D:7)
  3 hobgoblin zombies (Ossuary)
  A kobold zombie (Ossuary)
  3 orc zombies (Ossuary)
  6 rats
122 creatures vanquished.

Notes
Turn   | Place    | Note
-------+----------+-------------------------------------------
     0 | D:1      | vishdafish the Demonspawn Conjurer began the quest for the
                  | Orb.
     0 | D:1      | Reached XP level 1. HP: 13/13 MP: 3/3
   562 | D:1      | Gained mutation: You have large cloven feet. [demonic
                  | ancestry]
   562 | D:1      | Reached XP level 2. HP: 15/19 MP: 0/5
  1115 | D:2      | Noticed Jessica
  1122 | D:2      | Killed Jessica
  1123 | D:2      | Reached XP level 3. HP: 6/24 MP: 2/7
  2276 | D:3      | Noticed Natasha
  2282 | D:3      | Killed Natasha
  2283 | D:3      | Reached skill level 5 in Conjurations
  2283 | D:3      | Reached XP level 4. HP: 30/30 MP: 1/9
  2294 | D:3      | Noticed Natasha
  2299 | D:3      | Killed Natasha
  2551 | D:3      | Found Zorirecs's Book Boutique.
  2587 | D:3      | Noticed Natasha
  2591 | D:3      | Killed Natasha
  2592 | D:3      | Gained mutation: When seriously injured, your blood forms
                  | armour. (AC +0) [demonic ancestry]
  2592 | D:3      | Reached XP level 5. HP: 33/35 MP: 5/10
  2665 | D:3      | Noticed Ijyb
  2679 | D:3      | Killed Ijyb
  2804 | D:3      | Found a runed translucent gate.
  2804 | D:3      | Found a runed translucent gate.
  2804 | D:3      | Found a runed translucent gate.
  3118 | D:3      | Noticed zorkdork's ghost (amateur GnTm)
  3372 | D:4      | Found an opulent altar of Gozag.
  3417 | D:4      | Found a shimmering blue altar of Sif Muna.
  3417 | D:4      | Found an iron altar of Okawaru.
  3629 | D:4      | Noticed Edmund
  3638 | D:5      | Entered Level 5 of the Dungeon
  3711 | D:5      | Reached XP level 6. HP: 41/41 MP: 6/12
  3789 | D:5      | Reached skill level 6 in Conjurations
  3797 | D:5      | Gained mutation: You have supernaturally acute eyesight.
                  | (SInv) [potion of mutation]
  3797 | D:5      | Gained mutation: You are dopey. (Int -2) [potion of
                  | mutation]
  3797 | D:5      | Gained mutation: You passively dampen the noise of your
                  | surroundings. [potion of mutation]
  3797 | D:5      | Gained mutation: Your system is resistant to poisons.
                  | (rPois) [potion of mutation]
  3802 | D:5      | HP: 2/41 [centaur/arrow (4)]
  3898 | D:4      | Lost mutation: You are dopey. (Int -2) [potion of mutation]
  3898 | D:4      | Lost mutation: You passively dampen the noise of your
                  | surroundings. [potion of mutation]
  3898 | D:4      | Lost mutation: You have supernaturally acute eyesight.
                  | (SInv) [potion of mutation]
  3898 | D:4      | Gained mutation: You are strong-willed. (Will+) [potion of
                  | mutation]
  3898 | D:4      | Gained mutation: You are frail. (-10% HP) [potion of
                  | mutation]
  3898 | D:4      | Lost mutation: You are frail. (-10% HP) [potion of
                  | mutation]
  3976 | D:5      | Reached skill level 5 in Spellcasting
  4102 | D:5      | Found a transporter.
  4109 | D:5      | Reached XP level 7. HP: 46/46 MP: 9/14
  4121 | D:5      | Found a sand-covered staircase.
  4126 | Ossuary  | Entered an ossuary
  4831 | D:5      | Reached skill level 7 in Conjurations
  5059 | D:5      | Found a transporter.
  5060 | D:5      | Noticed Sermion's ghost (amateur HOFi)
  5307 | D:5      | Noticed Sigmund
  5318 | D:5      | Killed Sigmund
  5319 | D:5      | Gained mutation: When seriously injured, your blood forms
                  | thick armour. (AC +0) [demonic ancestry]
  5319 | D:5      | Reached XP level 8. HP: 42/52 MP: 6/17
  5778 | D:5      | Reached skill level 8 in Conjurations
  5940 | D:6      | Found a hide-covered altar of Uskayaw.
  5947 | D:6      | Noticed Winter's ghost (novice MiFi)
  5954 | D:6      | Reached skill level 1 in Evocations
  6242 | D:6      | Found a sacrificial altar of Ru.
  6385 | D:6      | Found a transporter.
  6388 | D:6      | Found a transporter.
  6519 | D:6      | Found a staircase to the Ecumenical Temple.
  6885 | D:6      | Reached skill level 5 in Evocations
  7158 | D:6      | Found a sparkling altar of Nemelex Xobeh.
  7381 | D:7      | Found a runed translucent door.
  7461 | D:7      | Gained mutation: You have hoof-like feet. [demonic
                  | ancestry]
  7461 | D:7      | Reached XP level 9. HP: 26/57 MP: 13/19
  7603 | D:7      | Quit the game

Illustrated notes

Levels and vault maps discovered:
D:1:      denvon_arrival_hothouse, layout_basic, minmay_tetromino_o4
D:2:      layout_basic, uniq_jessica
D:3:      layout_basic, gammafunk_ghost_necromancy, serial_shops, shop,
          uniq_ijyb, uniq_natasha
D:4:      layout_rooms, grunt_gozag_breadcrumbs,
          gammafunk_temple_overflow_statue, uniq_duvessa, uniq_edmund
D:5:      layout_basic, mainiacjoe_overflow_alcove_2, enter_ossuary_2,
          gammafunk_ghost_mausoleum, uniq_sigmund
D:6:      layout_basic, nemelex_dance_club_becter, nicolae_ru_path_of_blood,
          mainiacjoe_overflow_cross_hatched, mainiacjoe_overflow_chevrons,
          minmay_temple_entry_tees, gammafunk_ghost_arena
D:7:      layout_basic, kennysheep_mini_moat, dk_yredelemnul_ordeal

Skill      XL: |  1  2  3  4  5  6  7  8 |
---------------+-------------------------+-----
Spellcasting   | 3 4 5 6 |  6.7
Conjurations   | 5 6 7 8 |  8.1
Evocations     | 6 |  6.1
Dodging        | |  1.7
Stealth        | |  1.7

Action                     |  1- 3 |  4- 6 |  7- 9 || total
---------------------------+-------+-------+-------++-------
  Melee: Unarmed           |    19 |       |       ||    19
         Short sword       |       |    10 |    20 ||    30
         Kick              |       |     1 |     8 ||     9
   Cast: Magic Dart        |    57 |    91 |   250 ||   398
  Evoke: Wand              |       |     4 |    20 ||    24
    Use: Potion            |       |     4 |       ||     4
         Scroll            |       |     3 |       ||     3
 Armour: Robe              |     4 |     7 |    39 ||    50
  Dodge: Dodged            |    15 |    24 |    51 ||    90

Table legend: (Time is in decaauts)
 A = Elapsed time spent in this place.
 B = Non-inter-level travel time spent in this place.
 C = Inter-level travel time spent in this place.
 D = Time resting spent in this place.
 E = Time spent auto-exploring this place.
 F = Levels seen in this place.
 G = Mean time per level.
                   A        B        C        D        E       F      G
               +--------+--------+--------+--------+--------+-----+--------+
         Total |   7585 |   7356 |    229 |    312 |   6176 |   8 |  948.1 |
       Dungeon |   6911 |   6682 |    229 |    312 |   5629 |   7 |  987.3 |
       Ossuary |    674 |    674 |      0 |      0 |    547 |   1 |  674.0 |
               +--------+--------+--------+--------+--------+-----+--------+

Top non-repeatable levels by time:
     D:5: 1487 daAuts
     D:6: 1418 daAuts
     D:2: 1266 daAuts
     D:1: 946 daAuts
     D:3: 941 daAuts
 Ossuary: 674 daAuts
     D:4: 628 daAuts
     D:7: 221 daAuts
